 Dungeon Crawl Stone Soup version 0.28-a0-1594-ga885d4b3d6 (webtiles) character file.

Game seed: 8268117538485056296

19 belegose the Skirmisher (level 2, -2/16 HPs)
             Began as a Vine Stalker Abyssal Knight on Jan 20, 2022.
             Was a Follower of Lugonu.
             Slain by a gnoll (4 damage)
             ... on level 2 of the Dungeon.
             The game lasted 00:01:57 (1425 turns).

belegose the Skirmisher (VSAK)                      Turns: 1425, Time: 00:01:57

Health: -2/16      AC:  3    Str: 15    XL:     2   Next: 75%
Magic:  0/4        EV: 11    Int: 10    God:    Lugonu [*.....]
Gold:   38         SH:  0    Dex: 14    Spells: 1/1 levels left

rFire   . . .      SeeInvis .   a - +1 falchion
rCold   . . .      Faith    .   (no shield)
rNeg    . . .      Spirit   +   b - +0 leather armour
rPois   .          Reflect  .   (no helmet)
rElec   .          Harm     .   (no cloak)
rCorr   .          Rampage  .   (no gloves)
Will    .....                   (no boots)
Stlth   +.........              (no amulet)
HPRegen 0.05/turn               h - ring of flight
MPRegen 0.09/turn               (no ring)

@: flying
A: fangs 2, magic shield, antimagic bite, no potion heal 2
a: Renounce Religion, Depart the Abyss


You were on level 2 of the Dungeon.
You worshipped Lugonu.
Lugonu was aware of your devotion.
You visited 1 branch of the dungeon, and saw 2 of its levels.
You visited the Abyss 1 time.

You collected 38 gold pieces.

Inventory:

Hand Weapons
 a - a +1 falchion (weapon)
Missiles
 e - 5 stones (quivered)
Armour
 b - a +0 leather armour (worn)
Jewellery
 h - a ring of flight (left hand)
Scrolls
 c - a scroll of summoning {unknown}
 f - 4 scrolls of identify {unknown}
 g - a scroll of teleportation {unknown}
Potions
 d - a potion of flight {unknown}


   Skills:
 + Level 2.9 Fighting
 + Level 2.0 Long Blades
 - Level 1.5 Armour
 + Level 1.1 Dodging
 + Level 1.2 Stealth
 + Level 2.1 Invocations


You had one spell level left.
You didn't know any spells.
Your spell library was empty.

Dungeon Overview and Level Annotations

Branches:
Dungeon (2/15)

Altars:


Innate Abilities, Weirdness & Mutations

You have extremely sharp teeth.
When hurt, damage is shared between your health and your magic reserves.
Your bite disrupts and absorbs the magic of your enemies.
Potions cannot restore your health.


Message History

You fly up into the air.
h - a ring of flight (left hand)
The gnoll shouts!
Unknown command.
A gnoll is nearby!
A dart slug comes into view.
A gnoll comes into view. It is wielding a +0 club.
The dart slug moves out of view.
Throw: 9 stones
Press: ? - help, Q - select action, (/) - cycle Shift-Dir - straight line, f - gnoll
Aim: a gnoll, wielding a +0 club (63% to hit)
You throw a stone.
The stone hits the gnoll but does no damage.
Throw: 8 stones
Press: ? - help, Q - select action, (/) - cycle Shift-Dir - straight line, f/p - gnoll
Aim: a gnoll, wielding a +0 club (63% to hit)
You throw a stone.
The stone hits the gnoll but does no damage.
Throw: 7 stones
Press: ? - help, Q - select action, (/) - cycle Shift-Dir - straight line, f/p - gnoll
Aim: a gnoll, wielding a +0 club (63% to hit)
You throw a stone. The stone barely misses the gnoll.
Throw: 6 stones
Press: ? - help, Q - select action, (/) - cycle Shift-Dir - straight line, f/p - gnoll
Aim: a gnoll, wielding a +0 club (63% to hit)
You throw a stone. The stone closely misses the gnoll.
Unknown command.
You hit the gnoll. Your bite misses the gnoll.
The gnoll is heavily wounded.
The gnoll hits you with a +0 club!
You hit the gnoll. You bite the gnoll, but do no damage.
The gnoll is severely wounded.
The gnoll hits you with a +0 club!
* * * LOW HITPOINT WARNING * * *
You barely miss the gnoll.
The gnoll is severely wounded.
The gnoll hits you with a +0 club.
* * * LOW HITPOINT WARNING * * *
The gnoll hits you with a +0 club.
You die...

##...## #.# #.# #..#
...#..# #.# #.# #..#
#....# #.# #.# #..#
#.#<####.####.#####.g#
#........#...........#
###.######.##.######.#
#.# #.##.# #.# #.#
#.##.######.# #.#
#.##.@g..(.(# #.#
#.########### #.. ..#
### ###


You could see a gnoll.

Vanquished Creatures
  2 ball pythons (D:1)
  An endoplasm (D:1)
  4 goblins (D:1)
  A hobgoblin (D:1)
  A bat (D:1)
  4 frilled lizards (D:1)
  3 kobolds (D:1)
  4 rats (D:1)
20 creatures vanquished.

Notes
Turn   | Place    | Note
-------+----------+-------------------------------------------
     0 | Abyss:1  | belegose the Vine Stalker Abyssal Knight began the quest
                  | for the Orb.
     0 | Abyss:1  | Reached XP level 1. HP: 11/11 MP: 3/3
    38 | Abyss:1  | Noticed a neqoxec
    39 | D:1      | Escaped the Abyss
   135 | D:1      | Reached * piety under Lugonu
   219 | D:1      | Reached skill level 1 in Dodging
   219 | D:1      | Reached XP level 2. HP: 12/16 MP: 4/4
   413 | D:1      | Reached skill level 1 in Stealth
  1425 | D:2      | Slain by a gnoll

Illustrated notes

Levels and vault maps discovered:
D:1:      nicolae_arrival_memento_mori, layout_basic
D:2:      layout_loops_ring, serial_bayou_pond_d, chequers_serial_rivers_room_b,
          uniq_jessica

Skill      XL: |  1  2 |
---------------+-------+-----
Dodging        | 1 |  1.1
Invocations    | 2 |  2.1
Stealth        | 1 |  1.2
Long Blades    | 2 |  2.0
Fighting       | |  2.9
Armour         | |  1.5

Action                   || total
-------------------------++-------
Melee: Falchion          ||    41
       Bite              ||     6
Throw: Stone             ||     4
Invok: Depart the Abyss  ||     1
 Stab: Sleeping          ||     2
Armor: Leather armour    ||    23
Dodge: Dodged            ||    20

Table legend: (Time is in decaauts)
 A = Elapsed time spent in this place.
 B = Non-inter-level travel time spent in this place.
 C = Inter-level travel time spent in this place.
 D = Time resting spent in this place.
 E = Time spent auto-exploring this place.
 F = Levels seen in this place.
 G = Mean time per level.
                   A        B        C        D        E       F      G
               +--------+--------+--------+--------+--------+-----+--------+
         Total |   1436 |   1349 |     87 |    205 |    875 |   3 |  478.7 |
       Dungeon |   1395 |   1308 |     87 |    205 |    837 |   2 |  697.5 |
         Abyss |     40 |     40 |      0 |      0 |     38 |   1 |   40.0 |
               +--------+--------+--------+--------+--------+-----+--------+

Top non-repeatable levels by time:
     D:1: 1305 daAuts
     D:2: 90 daAuts
 Abyss:1: 40 daAuts
